 Dungeon Crawl Stone Soup version 0.17-a0-963-gaa5423c (webtiles) character file.

174927 boffreak the Severer (level 18, -1/133 HPs)
             Began as a Formicid Fighter on May 8, 2015.
             Was an Initiate of Gozag.
             Slain by a wolf spider (9 damage)
             ... on level 1 of the Spider Nest.
             The game lasted 01:08:08 (31518 turns).

boffreak the Severer (Formicid Fighter)            Turns: 31518, Time: 01:08:09

Health: -1/133     AC: 31    Str: 31    XL:     18   Next: 73%
Magic:  0/24       EV: 15    Int:  8    God:    Gozag
Gold:   1190       SH: 24    Dex: 16    Spells: 1 memorised, 19 levels left

rFire  . . .     SeeInvis +     Z - +2 executioner's axe (holy)
rCold  + + .     Clarity  .     o - +0 gold dragon armour
rNeg   . . .     SustAb   .     R - +1 large shield {AC+3}
rPois  +         Gourm    .     (helmet unavailable)
rElec  .         Spirit   +     h - +1 cloak {rPois}
rCorr  .         Warding  .     G - +2 pair of gloves
rMut   .         Stasis   +     T - +0 pair of boots
MR     +....                    K - amulet of guardian spirit
Stlth  ..........               E - +3 ring of strength
                                n - ring of ice

@: agile, somewhat resistant to hostile enchantments, extremely unstealthy
A: permanent stasis, dig shafts and tunnels, four strong arms, antennae 3
a: Dig, Shaft Self, Potion Petition, Call Merchant, Bribe Branch, Renounce
Religion


You were on level 1 of the Spider Nest.
You worshipped Gozag.
Gozag was noncommittal.
You were not hungry.

You visited 7 branches of the dungeon, and saw 32 of its levels.
You also visited: Ossuary, Bailey and Ice Cave.

You collected 13485 gold pieces.
You spent 2451 gold pieces at shops.
You paid 9844 gold pieces to Gozag.

Inventory:

Hand weapons
 a - a +2 eveningstar
 p - the +9 flail "Cufodd" {drain, +Rage Stlth+}
   (You found it on level 12 of the Dungeon)

   A truly terrible weapon, it drains the life of those it strikes.
   It lets you go berserk.
   It makes you more stealthy.
 C - the +5 broad axe of the Jester {holy, rElec}
   (You bought it in a shop on level 13 of the Dungeon)

   It has been blessed by the Shining One to cause great damage to the undead
   and demons.
   It insulates you from electricity.
 M - the +7 hand axe of Ru's Generosity {elec, Stlth+}
   (You found it on level 6 of the Lair of Beasts)

   Occasionally, upon striking a foe, it will discharge some electrical energy
   and cause terrible harm.
   It makes you more stealthy.
 Z - a +2 executioner's axe of holy wrath (weapon)
Armour
 h - a +1 cloak of poison resistance (worn)
 o - a +0 gold dragon armour (worn)
 G - a +2 pair of gloves (worn)
 R - a +1 large shield of protection (worn)
 T - a +0 pair of boots (worn)
Jewellery
 m - an uncursed ring of poison resistance
 n - a ring of ice (left hand)
 q - an uncursed ring of protection from fire
 t - a +2 ring of evasion
 E - a +3 ring of strength (right hand)
 K - an amulet of guardian spirit (around neck)
 P - a cursed ring of protection from magic
 S - an uncursed ring of fire
 V - an uncursed ring of positive energy
Magical devices
 b - a wand of invisibility (3)
Scrolls
 c - 2 scrolls of summoning
 g - 3 scrolls of fog
 i - 2 scrolls of vulnerability
 j - 17 scrolls of remove curse
 r - 7 scrolls of identify
 u - a scroll of acquirement
 w - 4 scrolls of immolation
 x - 5 scrolls of amnesia
 B - 2 scrolls of magic mapping
 I - 3 scrolls of recharging
 W - a scroll of brand weapon
Potions
 d - 2 potions of might
 f - 2 potions of cancellation
 k - 11 potions of curing
 l - a potion of invisibility
 v - 4 potions of brilliance
 D - 2 potions of flight
 H - 2 potions of agility
 Q - 2 potions of magic
Books
 s - a book of Power

   Spells                             Type                      Level
   a - Fulminant Prism                Conjuration/Hexes            4
   b - Iskenderun's Mystic Blast      Conjuration                  4
   c - Venom Bolt                     Conjuration/Poison           5
   d - Bolt of Magma                  Conjuration/Fire/Earth       5
   e - Iron Shot                      Conjuration/Earth            6
   f - Orb of Destruction             Conjuration                  7
   g - Spellforged Servitor           Conjuration/Summoning        7
 L - a book of Unlife

   Spells                             Type                      Level
   a - Recall                         Summoning/Translocation      3
   b - Animate Dead                   Necromancy                   4
   c - Control Undead                 Necromancy                   4
   d - Cigotuvi's Embrace             Necromancy                   5
   e - Death Channel                  Necromancy                   6
   f - Simulacrum                     Ice/Necromancy               6
 X - a book of the Earth

   Spells                             Type                      Level
   a - Leda's Liquefaction            Hexes/Earth                  4
   b - Bolt of Magma                  Conjuration/Fire/Earth       5
   c - Statue Form                    Transmutation/Earth          6
   d - Iron Shot                      Conjuration/Earth            6
   e - Shatter                        Earth                        9
Comestibles
 e - 6 bread rations
 A - 6 meat rations


   Skills:
 - Level 9.5 Fighting
 * Level 19.9 Axes
 - Level 15.9 Armour
 - Level 6.2 Dodging
 - Level 16.6 Shields
 + Level 4.2 Spellcasting
 + Level 4.7 Transmutations
 + Level 5.2 Earth Magic


You had 19 spell levels left.
You knew the following spells:

 Your Spells              Type           Power        Failure   Level  Hunger
a - Statue Form           Trmt/Erth      #........    100%        6    #######


Dungeon Overview and Level Annotations

Branches:
Dungeon (15/15)            Temple (1/1) D:5            Lair (8/8) D:11
  Swamp (0/4) Lair:5       Spider (1/4) Lair:4        Slime (0/6) Lair:8
    Orc (4/4) D:12            Elf (2/3) Orc:4        Vaults (0/5) D:13
 Depths (1/5) D:15

Altars:
Ashenzari
Cheibriados
Dithmenos
Elyvilon
Fedhas
Gozag
Kikubaaqudgha
Makhleb
Nemelex Xobeh
Okawaru
Qazlal
Ru
Sif Muna
Trog
Vehumet
Xom
Yredelemnul
Zin
The Shining One

Shops:
D:4 }   D:5 (?(([   D:7 [   D:9 !   D:10 =   D:13 *   D:14 *   D:15 %
Orc:4 ([*[(!([   Elf:1 (   Elf:2 (   Vaults:1 :   Vaults:2 :   Vaults:4 [
Depths:2 *

Annotations:
D:7 exclusion: ice statue
D:13 Azrael
Lair:8 exclusion: 4 oklob plants


Innate Abilities, Weirdness & Mutations

You are under a permanent stasis effect.
You can dig through walls and to a lower floor.
Your four strong arms can wield two-handed weapons with a shield.
You have a pair of large antennae on your head (SInv).


Message History

The moth of wrath goads the wolf spider on!
The wolf spider goes berserk!
The wolf spider barely misses you. You block the wolf spider's attack. x2
The wolf spider barely misses you.
Unknown command.
The wolf spider is no longer distracted by gold.
You block the wolf spider's attack. The wolf spider closely misses you.
The wolf spider hits you!
* * * LOW HITPOINT WARNING * * *
You block the wolf spider's attack.
You take 9 damage, and have 10/133 hp.
You now have 1/24 mp.
The wolf spider rages.
The jumping spider rages.
The wolf spider hits you.
* * * LOW HITPOINT WARNING * * *
You block the wolf spider's attack.
The wolf spider hits you but does no damage.
You block the wolf spider's attack. x2
The wolf spider bites you!
You die...
Your body crumbles into a pile of gold.

...... ...... #......#... ......
#.........## ......... $ ..
##..#.......##........s.
.##.....^......#.......#.... {
..^........................
#....#.........###.........
###..........s...#s.s........
##...........@sssysss.....#... #
##..........^#.s.##.s.........#
###...##.......#######.s.$.......
.###.####......# ##{s.$......
...### #.##.### #{{$$....#.
....#####.#### #..........
.....P....####### ####.......
^..............># .......
........######### .......


You could see a demonic crawler, 4 wolf spiders, a moth of wrath, an orb spider,
a jumping spider (berserk), 2 tarantellas and a spider.

Vanquished Creatures
  Nikola (Elf:1)
  Kirke (Elf:1)
  Roxanne (Elf:2)
  Maud (Orc:3)
  A deep elf sorcerer (Elf:1)
  An orc warlord (Orc:2)
  The ghost of inmateoo the Covert, a powerful HuEn of Ashenzari (Elf:1)
  An emperor scorpion (Spider:1)
  2 blizzard demons (IceCv)
  A deep elf death mage (Elf:1)
  A fire dragon (D:15)
  An ice dragon (D:15)
  Harold (D:10)
  5 hydras
  Erolcha (D:11)
  2 centaur warriors (D:14)
  An ogre mage (D:15)
  17 dancing weapons
  2 tengu warriors
  A queen ant (D:12)
  6 death yaks (Lair:3)
  3 orc high priests (Orc:4)
  The ghost of oplop the Jinx, a powerful SpEn of Makhleb (Lair:1)
  13 deep elf knights
  A skeletal warrior (D:13)
  4 unseen horrors
  5 ice devils (IceCv)
  7 deep elf summoners
  An ice statue (IceCv)
  6 hill giants
  7 orc knights
  8 deep elf conjurers
  A necromancer (Spider:1)
  A salamander (shapeshifter) (D:15)
  5 orc sorcerers
  An orb spider (Spider:1)
  2 griffons
  7 wolf spider zombies (Spider:1)
  4 wolf spiders (Spider:1)
  2 oklob plants (D:11)
  5 ugly things
  2 black mambas
  30 elephants
  2 cyclopes
  14 komodo dragons
  11 spiny frogs
  A gargoyle (D:12)
  A kobold demonologist (D:11)
  4 anaconda simulacra (IceCv)
  3 efreet
  A tengu conjurer (D:15)
  10 deep elf priests
  3 demonic crawlers
  6 freezing wraiths
  2 golden dragon simulacra (IceCv)
  5 jumping spiders
  3 spriggan druids
  14 polar bears
  A blue devil (IceCv)
  4 trolls
  22 blink frogs
  2 boulder beetles
  2 two-headed ogres (D:15)
  A giant leech (Lair:5)
  10 tarantella zombies (Spider:1)
  5 ravens
  A trapdoor spider (D:12)
  4 slime creatures (D:14)
  53 yaks
  12 spriggans (Lair:8)
  Sigmund (D:5)
  3 tarantellas
  2 fire elementals
  A vampire (D:13)
  20 redbacks
  A water elemental (D:12)
  3 shadows
  5 hogs (Elf:1)
  25 deep elf magi
  8 vampire mosquitoes
  2 wraiths
  A basilisk (D:12)
  2 death yak simulacra (IceCv)
  16 humans
  13 hippogriffs
  4 dire elephant simulacra (IceCv)
  A hungry ghost (D:12)
  A mottled dragon (D:15)
  5 hell hounds
  21 deep elf fighters
  An iron troll simulacrum (IceCv)
  3 harpy simulacra (IceCv)
  40 wolves
  4 wyverns
  5 hydra simulacra (IceCv)
  20 soldier ants (D:12)
  18 water moccasins
  4 wargs
  4 black bears (Lair:8)
  5 wasps
  16 ice beasts
  30 orc warriors
  A spider (Spider:1)
  23 ogres
  A phantom (D:10)
  7 porcupines
  15 centaurs
  2 sky beasts
  4 eyes of draining
  A necrophage (D:11)
  2 big kobolds
  8 spider zombies (Spider:1)
  Blork the orc (D:5)
  13 crocodiles
  19 giant frogs
  A brain worm (D:13)
  2 wyvern zombies
  2 elf skeletons (D:4)
  11 scorpions
  A water moccasin zombie (D:7)
  14 killer bees
  An electric eel (D:12)
  5 crimson imps
  3 giant frog zombies
  3 draconian simulacra (IceCv)
  19 orc priests
  6 centaur zombies
  10 jellies
  38 orc wizards
  3 human zombies
  3 giant frog skeletons
  A gnoll shaman (D:9)
  2 quasits (D:10)
  5 centaur skeletons
  6 hounds
  An iron imp (D:11)
  4 hell rats
  13 iguanas
  5 troll simulacra (IceCv)
  A spriggan simulacrum (IceCv)
  34 worker ants
  8 sheep
  5 centaur simulacra (IceCv)
  3 mummies (Ossuary)
  A worker ant zombie (D:10)
  3 ogre simulacra (IceCv)
  10 gnolls
  67 river rats
  12 adders
  5 shadow imps
  4 naga simulacra (IceCv)
  7 white imps
  5 ufetubi
  A worker ant simulacrum (D:9)
  5 oozes (D:9)
  An adder skeleton (D:5)
  8 adder zombies (Ossuary)
  6 worms
  An adder simulacrum (D:9)
  4 giant geckos
  192 orcs
  A bat skeleton (D:5)
  A bat zombie (D:6)
  2 giant cockroaches
  3 gnoll zombies (Ossuary)
  24 goblins
  27 hobgoblins
  10 jackals
  5 quokkas
  10 bats
  A giant gecko skeleton (D:3)
  3 giant newts
  2 giant spores
  2 goblin zombies (Ossuary)
  2 hobgoblin zombies (Ossuary)
  6 jackal zombies (Ossuary)
  17 kobolds
  3 kobold zombies (Ossuary)
  2 orc skeletons (D:4)
  2 orc zombies (Ossuary)
  2 quokka zombies (Ossuary)
  14 rats
  2 rat zombies (Ossuary)
  17 ballistomycetes
  14 fungi
  7 plants
1465 creatures vanquished.

Vanquished Creatures (others)
  A deep elf knight (Elf:2)
  2 deep elf magi (Elf:2)
  A human (Elf:2)
  A kobold (D:11)
  3 giant spores
  A ballistomycete (D:14)
  2 fungi
11 creatures vanquished.

Grand Total: 1476 creatures vanquished

Notes
Turn   | Place    | Note
--------------------------------------------------------------
     0 | D:1      | boffreak, the Formicid Fighter, began the quest for the Orb.
     0 | D:1      | Reached XP level 1. HP: 18/18 MP: 1/1
    20 | D:1      | Reached XP level 2. HP: 24/24 MP: 2/2
   624 | D:2      | Reached XP level 3. HP: 25/29 MP: 3/3
   806 | D:2      | Reached skill level 4 in Armour
  1151 | D:3      | Reached XP level 4. HP: 35/35 MP: 4/4
  1237 | D:3      | Reached XP level 5. HP: 36/41 MP: 5/5
  1844 | D:4      | Reached XP level 6. HP: 42/47 MP: 6/6
  1852 | D:4      | Found a sand-covered staircase.
  1857 | Ossuary  | Entered an ossuary
  1890 | Ossuary  | Reached skill level 5 in Armour
  2013 | Ossuary  | Reached skill level 5 in Axes
  2013 | Ossuary  | Reached skill level 5 in Shields
  2013 | Ossuary  | Reached XP level 7. HP: 37/52 MP: 7/7
  2335 | D:4      | Found Teqazef's Gadget Shop.
  2775 | D:4      | Reached XP level 8. HP: 58/58 MP: 8/8
  2816 | D:4      | Reached skill level 6 in Axes
  3113 | D:5      | Entered Level 5 of the Dungeon
  3206 | D:5      | Found Toreiss's Antique Armour Emporium.
  3212 | D:5      | Bought a large shield for 135 gold pieces
  3227 | D:5      | Found a bloodstained altar of Trog.
  3227 | D:5      | Found a glowing silver altar of Zin.
  3227 | D:5      | Found a white marble altar of Elyvilon.
  3229 | D:5      | Found a glowing golden altar of the Shining One.
  3233 | D:5      | Found a shadowy altar of Dithmenos.
  3233 | D:5      | Noticed Sigmund
  3263 | D:5      | Killed Sigmund
  3301 | D:5      | Found Baoch's Weapon Boutique.
  3351 | D:5      | Found Niameetso's Antique Weapon Emporium.
  3451 | D:5      | Found Vokice's Magic Scroll Boutique.
  3480 | D:5      | Noticed Blork the orc
  3488 | D:5      | Killed Blork the orc
  3597 | D:5      | Found a basalt altar of Yredelemnul.
  3597 | D:5      | Found a deep blue altar of Sif Muna.
  3731 | D:5      | Reached skill level 7 in Axes
  3732 | D:5      | Found a staircase to the Ecumenical Temple.
  3744 | Temple   | Entered the Ecumenical Temple
  3902 | Temple   | Became a worshipper of Gozag Ym Sagoz the Greedy
  4001 | D:5      | Found Qiqaural's Antique Weapon Shoppe.
  4387 | D:6      | Reached XP level 9. HP: 43/64 MP: 9/9
  4766 | D:6      | Reached skill level 8 in Axes
  5073 | D:7      | Reached skill level 9 in Axes
  5076 | D:7      | Noticed an ice statue
  5368 | D:7      | Found Nemir's Antique Armour Shop.
  5381 | D:7      | Bought a pair of gloves for 157 gold pieces
  5624 | D:8      | Reached XP level 10. HP: 70/70 MP: 10/10
  6049 | D:9      | Reached skill level 10 in Axes
  6341 | D:9      | Found Voclich's Distillery.
  6520 | D:9      | Found a sparkling altar of Nemelex Xobeh.
  6798 | D:10     | Entered Level 10 of the Dungeon
  6977 | D:10     | Noticed an unseen horror
  6990 | D:10     | Found a shattered altar of Ashenzari.
  7000 | D:10     | Killed an unseen horror
  7171 | D:10     | Reached skill level 11 in Axes
  7317 | D:10     | Noticed Harold
  7317 | D:10     | Noticed a hill giant
  7323 | D:10     | Killed a hill giant
  7323 | D:10     | Reached XP level 11. HP: 48/75 MP: 11/11
  7331 | D:10     | Killed Harold
  7331 | D:10     | Reached skill level 10 in Shields
  7454 | D:10     | Found Nimilean's Jewellery Boutique.
  7625 | D:11     | Noticed Erolcha
  7672 | D:11     | Killed Erolcha
  7672 | D:11     | Reached skill level 12 in Axes
  7672 | D:11     | Reached skill level 10 in Armour
  7712 | D:11     | Noticed a white ugly thing
  7720 | D:11     | Killed a white ugly thing
  7788 | D:11     | Noticed an oklob plant
  7788 | D:11     | Noticed an oklob plant
  8126 | D:11     | Found a shadowy altar of Dithmenos.
  8458 | D:11     | Found a staircase to the Lair.
  8561 | D:11     | Killed an oklob plant
  8581 | D:11     | Killed an oklob plant
  8581 | D:11     | Reached XP level 12. HP: 81/81 MP: 12/12
  8743 | D:12     | Found a staircase to the Orcish Mines.
  8752 | Orc:1    | Entered Level 1 of the Orcish Mines
  8856 | Orc:1    | Reached skill level 13 in Axes
  9235 | Orc:1    | You fall through a shaft!
  9235 | Orc:2    | Noticed an orc warlord
  9256 | Orc:2    | Killed an orc warlord
  9989 | Orc:3    | Noticed Maud
 10015 | Orc:3    | Killed Maud
 10535 | Orc:4    | Entered Level 4 of the Orcish Mines
 10594 | Orc:4    | Found a staircase to the Elven Halls.
 10615 | Orc:4    | Found Omups's Weapon Shop.
 10645 | Orc:4    | Found Jera's Armour Shoppe.
 10654 | Orc:4    | Bought a +3 plate armour of poison resistance for 504 gold pieces
 10843 | Orc:4    | Found Suzoet's Antique Weapon Emporium.
 10888 | Orc:4    | Found Sesmeg's Armour Emporium.
 11239 | D:12     | Reached skill level 14 in Axes
 11297 | D:12     | Noticed a queen ant
 11318 | D:12     | Killed a queen ant
 11318 | D:12     | Reached XP level 13. HP: 65/86 MP: 13/13
 11560 | D:12     | Got a warped flail
 11561 | D:12     | Identified the +9 flail "Cufodd" {drain, +Rage Stlth+} (You found it on level 12 of the Dungeon)
 12243 | D:13     | Found a gate to the Vaults.
 12255 | D:12     | Reached skill level 15 in Axes
 12546 | D:13     | Noticed Azrael
 12716 | Lair:1   | Entered Level 1 of the Lair of Beasts
 13220 | D:5      | Bought a scroll of acquirement for 728 gold pieces
 13535 | Lair:1   | Noticed oplop's ghost (powerful SpEn)
 13569 | Lair:1   | Killed oplop's ghost
 14510 | Lair:2   | Reached XP level 14. HP: 70/93 MP: 14/14
 15047 | Lair:3   | Reached skill level 16 in Axes
 16297 | Lair:4   | Found a hole to the Spider Nest.
 17122 | Lair:5   | Found a staircase to the Swamp.
 18150 | Lair:6   | Got a transparent hand axe
 18151 | Lair:6   | Identified the +7 hand axe of Ru's Generosity {elec, Stlth+} (You found it on level 6 of the Lair of Beasts)
 18250 | Lair:6   | Reached skill level 17 in Axes
 18362 | Lair:6   | Reached XP level 15. HP: 90/98 MP: 13/15
 19328 | Lair:7   | Reached skill level 15 in Shields
 19475 | Lair:7   | Reached skill level 5 in Fighting
 19809 | Lair:8   | Entered Level 8 of the Lair of Beasts
 19834 | Lair:8   | Reached skill level 1 in Dodging
 19970 | Lair:8   | Found a staircase to the Slime Pits.
 20806 | Lair:8   | Reached XP level 16. HP: 102/111 MP: 13/16
 20907 | Lair:8   | Reached skill level 18 in Axes
 21914 | D:5      | Bought a scroll of enchant armour for 105 gold pieces
 22381 | D:13     | Found a sacrificial altar of Ru.
 22651 | D:13     | Found Xeloner's Assorted Antiques.
 22664 | D:13     | Bought a sapphire broad axe for 171 gold pieces
 22664 | D:13     | Bought a scroll of identify for 38 gold pieces
 22664 | D:13     | Bought a potion of heal wounds for 95 gold pieces
 22664 | D:13     | Identified the +5 broad axe of the Jester {holy, rElec} (You bought it in a shop on level 13 of the Dungeon)
 23163 | D:14     | Found Coesum's Assorted Antiques.
 23168 | D:14     | Bought a notched jade ring for 105 gold pieces
 23301 | D:14     | Found a flagged portal.
 23346 | Bailey   | Entered a bailey
 24233 | D:14     | Reached skill level 15 in Armour
 24548 | D:15     | Entered Level 15 of the Dungeon
 24773 | D:15     | Found Daejas's Food Shoppe.
 24777 | D:15     | Bought a bread ration for 70 gold pieces
 24777 | D:15     | Bought a meat ration for 70 gold pieces
 24777 | D:15     | Bought a meat ration for 70 gold pieces
 24777 | D:15     | Bought a bread ration for 70 gold pieces
 24777 | D:15     | Bought a bread ration for 70 gold pieces
 25026 | D:15     | Found a staircase to the Depths.
 25173 | D:15     | Found an opulent altar of Gozag.
 25660 | Orc:4    | Found Vunlu's Distillery.
 25667 | Orc:4    | Noticed an orc high priest
 25672 | Orc:4    | Noticed an orc high priest
 25679 | Orc:4    | Noticed an orc high priest
 25679 | Orc:4    | Killed an orc high priest
 25695 | Orc:4    | Killed an orc high priest
 25697 | Orc:4    | Killed an orc high priest
 25697 | Orc:4    | Reached XP level 17. HP: 71/122 MP: 11/17
 25720 | Orc:4    | Reached skill level 5 in Dodging
 25902 | Orc:4    | Found Adaox's Antique Weapon Boutique.
 25908 | Orc:4    | Found Gadwamis's Armour Boutique.
 25910 | Orc:4    | Found Yfuif's Assorted Antiques.
 25922 | Orc:4    | Bought a +0 pair of boots for 63 gold pieces
 25979 | Elf:1    | Entered Level 1 of the Elven Halls
 26023 | Elf:1    | Noticed inmateoo's ghost (powerful HuEn)
 26053 | Elf:1    | Killed inmateoo's ghost
 26061 | Elf:1    | Found an ancient bone altar of Kikubaaqudgha.
 26267 | Elf:1    | Found Nadian's Weapon Emporium.
 26603 | Elf:1    | Noticed Kirke
 26609 | Elf:1    | Reached skill level 19 in Axes
 26624 | Elf:1    | Noticed a sphinx
 26625 | Elf:1    | Killed Kirke
 26838 | Elf:1    | Noticed Nikola
 26860 | Elf:1    | Killed Nikola
 27119 | Elf:2    | Found Nimiffyo's Antique Weapon Boutique.
 27271 | Elf:2    | Found a runed gate.
 27271 | Elf:2    | Found a runed gate.
 27278 | Elf:2    | Found a runed gate.
 27385 | Elf:2    | Noticed Roxanne
 27455 | Elf:2    | Killed Roxanne
 27466 | Elf:2    | Learned a level 6 spell: Statue Form
 27875 | Elf:2    | Reached skill level 1 in Transmutations
 27877 | Elf:2    | Reached skill level 1 in Earth Magic
 27903 | Elf:2    | Reached skill level 1 in Spellcasting
 27947 | Elf:2    | Reached XP level 18. HP: 86/132 MP: 16/19
 29184 | Depths:1 | Entered Level 1 of the Depths
 29807 | Spider:1 | Entered Level 1 of the Spider Nest
 30039 | Spider:1 | Found a frozen archway.
 30078 | IceCv    | Entered an ice cave
 30939 | IceCv    | Reached skill level 5 in Earth Magic
 31518 | Spider:1 | Slain by a wolf spider

Action                   |  1- 3 |  4- 6 |  7- 9 | 10-12 | 13-15 | 16-18 || total
-------------------------+-------+-------+-------+-------+-------+-------++-------
Melee: War axe           |   102 |   197 |   182 |       |       |       ||   481
       Hand axe          |       |       |   185 |   963 |  1599 |  1411 ||  4158
       Flail             |       |       |       |       |    19 |    26 ||    45
       Broad axe         |       |       |       |       |       |    19 ||    19
       Executioner's axe |       |       |       |       |       |   263 ||   263
Invok: Call Merchant     |       |       |       |     3 |     2 |     3 ||     8
       Potion Petition   |       |       |       |     2 |     1 |     1 ||     4
 Abil: Dig               |     1 |     3 |       |     9 |     1 |     3 ||    17
  Use: Scroll            |       |       |     5 |    11 |    12 |    13 ||    41
       Potion            |       |       |     4 |    14 |     3 |     4 ||    25
 Stab: Distracted        |       |       |       |     5 |    21 |     7 ||    33
  Eat: Chunk             |     1 |     3 |     3 |       |       |       ||     7
       Bread ration      |       |     1 |     1 |       |     3 |     4 ||     9
       Pizza             |       |       |     1 |       |     1 |     1 ||     3
       Fruit             |       |       |     2 |       |    16 |     5 ||    23
       Beef jerky        |       |       |       |     2 |       |     1 ||     3
       Royal jelly       |       |       |       |    10 |       |       ||    10
       Meat ration       |       |       |       |       |       |     2 ||     2
